 Dungeon Crawl Stone Soup version 0.20-b1-24-gb21faa7 (webtiles) character file.

59 cereshysteria the Poker (level 4, -1/40 HPs)
             Began as a Naga Gladiator on May 25, 2017.
             Slain by an adder (4 damage)
             ... on level 2 of the Dungeon.
             The game lasted 00:06:46 (2091 turns).

cereshysteria the Poker (Naga Gladiator)            Turns: 2091, Time: 00:06:47

Health: -1/40      AC:  5    Str: 18    XL:     4   Next: 3%
Magic:  4/4        EV:  8    Int:  8    God:
Gold:   52         SH:  0    Dex: 12    Spells: 3/3 levels left

rFire    + . .     SeeInvis +   a - +1 trident
rCold    . . .     Gourm    .   (no shield)
rNeg     . . .     Faith    .   i - +0 scale mail
rPois    +         Spirit   .   c - +0 helmet
rElec    .         Reflect  .   (no cloak)
rCorr    .         Harm     .   (no gloves)
MR       .....                  (no barding)
Stlth    ..........             (no amulet)
Regen    0.2/turn               m - ring of protection from fire
MPRegen  0.1/turn               (no ring)

@: lethally poisoned (-1 -> -3), very slightly contaminated, invisible
(expiring), very slow
A: see invisible, deformed body, poison resistance, slowness 2, slow metabolism
1, spit poison 1, AC +1
a: Spit Poison


You were on level 2 of the Dungeon.
You were hungry.

You visited 1 branch of the dungeon, and saw 2 of its levels.

You collected 52 gold pieces.

Inventory:

Hand Weapons
 a - a +1 trident (weapon)
 k - a +0 dagger
Missiles
 d - 2 throwing nets (quivered)
Armour
 b - a +0 leather armour
 c - a +0 helmet (worn)
 i - a +0 scale mail (worn)
Jewellery
 m - a ring of protection from fire (left hand)
Scrolls
 h - 3 scrolls of identify
 n - a scroll of teleportation {unknown}
Comestibles
 f - a bread ration
 g - a meat ration
 j - 5 chunks of flesh
 l - 3 fruits


   Skills:
 * Level 2.4 Fighting
 + Level 3.7 Polearms
 + Level 2.1 Throwing
 + Level 1.2 Armour
 * Level 2.6 Dodging


You had 3 spell levels left.
You didn't know any spells.

Dungeon Overview and Level Annotations

Branches:
Dungeon (2/15)

Altars:


Innate Abilities, Weirdness & Mutations

You cannot wear boots.
Your serpentine skin is tough. (AC +1)
You have supernaturally acute eyesight. (SInv)
Armour fits poorly on your strangely shaped body.
Your system is resistant to poisons. (rPois)
You cover ground very slowly.
You have a slow metabolism.
You can spit poison.


Message History

* * * LOW HITPOINT WARNING * * *
You are poisoned.
The adder poisons you!
You barely miss the bat.
* * * LOW HITPOINT WARNING * * *
You feel sick. The bat barely misses you. The bat hits you but does no damage.
The adder misses you. The bat hits you but does no damage.
You closely miss the bat. The bat hits you but does no damage.
The adder closely misses you. The adder barely misses you.
You hit the bat.
You kill the bat!
* * * LOW HITPOINT WARNING * * *
You feel sick. The adder barely misses you.
You flicker for a moment.
The adder closely misses you.
Things that are here:
a bat corpse; an adder skeleton
* * * LOW HITPOINT WARNING * * *
You feel sick. The adder bites you.
You die...

******* ##### *,,,,,*
#########...###.#**,* ###
#...).....#.....# *,*
..#####.###.##.<..###.#**,*
........###.##.#@## *,,,,,*
#.##........##.#S# ***,***
...รท...........#.# *,*
#.##.######.##.#.## *,*
#.##.#*,,.........## *,*
#.##.#*,*##.##.#...# *,*
#.##.#*,***,*#.##..# *,*
#.##.#*,*#.,,#.*#..# *,*
#.##.#*,**.,,#.*#..# *,*


You could see an adder.

Vanquished Creatures
  An adder (D:2)
  A dart slug (D:2)
  2 leopard geckos
  6 bats
  9 goblins
  2 hobgoblins (D:1)
  7 jackals (D:1)
  8 kobolds
  A ball python (D:1)
  2 frilled lizards
  2 rats
41 creatures vanquished.

Notes
Turn   | Place    | Note
-------+----------+-------------------------------------------
     0 | D:1      | cereshysteria the Naga Gladiator began the quest for the Orb.
     0 | D:1      | Reached XP level 1. HP: 19/19 MP: 1/1
   360 | D:1      | Reached XP level 2. HP: 22/26 MP: 2/2
   393 | D:1      | HP: 1/26 [jackal (1)]
   897 | D:1      | Reached XP level 3. HP: 18/32 MP: 3/3
  1596 | D:1      | Reached skill level 1 in Armour
  2026 | D:2      | Reached XP level 4. HP: 25/40 MP: 4/4
  2091 | D:2      | Slain by an adder

Skill      XL: |  1  2  3 |
---------------+----------+-----
Throwing       | 2 |  2.1
Armour         | 1 |  1.2
Fighting       | |  2.4
Polearms       | |  3.7
Dodging        | |  2.6

Action                   |  1- 3 |  4- 6 || total
-------------------------+-------+-------++-------
Melee: Trident           |   133 |    13 ||   146
Throw: Throwing net      |     5 |       ||     5
  Use: Potion            |     3 |     1 ||     4
       Scroll            |     3 |       ||     3
  Eat: Fruit             |     1 |       ||     1
       Chunk             |     1 |       ||     1
Armor: Leather armour    |     6 |       ||     6
       Scale mail        |    94 |    17 ||   111
Dodge: Dodged            |    85 |    31 ||   116
